 Dungeon Crawl Stone Soup version 0.25-a0-58-g9dd530fc12 (webtiles) character file.

Game seed: 13763740524625101799, levelgen mode: deterministic

84 Gumption the Caller (level 4, 0/30 HPs)
             Began as a Merfolk Summoner on Oct 26, 2019.
             Slain by a gnoll
             ... wielding a +0 halberd
              (16 damage)
             ... on level 2 of the Dungeon on Oct 27, 2019.
             The game lasted 00:26:54 (2350 turns).

Gumption the Caller (Merfolk Summoner)              Turns: 2350, Time: 00:26:55

Health: 0/30       AC:  6    Str:  8    XL:     4   Next: 45%
Magic:  4/7        EV: 14    Int: 15    God:
Gold:   80         SH:  0    Dex: 14    Spells: 2/8 levels left

rFire    . . .     SeeInvis .   a - +4 mace (holy)
rCold    . . .     Gourm    .   (no shield)
rNeg     . . .     Faith    .   i - +0 robe {MR+}
rPois    .         Spirit   .   (no helmet)
rElec    .         Reflect  .   (no cloak)
rCorr    .         Harm     .   q - +0 pair of gloves
MR       +....                  e - +2 pair of boots
Stlth    ++........             (no amulet)
HPRegen  0.10/turn              (no ring)
MPRegen  0.10/turn              (no ring)

@: no status effects
A: change form in water, swift swim, stealthy swim
a: no special abilities


You were on level 2 of the Dungeon.
You were not hungry.

You visited 1 branch of the dungeon, and saw 2 of its levels.

You collected 80 gold pieces.

Inventory:

Hand Weapons
 a - a +4 mace of holy wrath (weapon)
 b - a +0 hunting sling
Missiles
 d - 109 stones (quivered)
 g - 31 sling bullets
 j - 7 poisoned darts
Armour
 e - a +2 pair of boots (worn)
 i - a +0 robe of magic resistance (worn)
 q - a +0 pair of gloves (worn)
Scrolls
 k - a scroll of teleportation {unknown}
 n - a scroll of identify {unknown}
Potions
 f - a potion of curing {unknown}
 h - a potion of lignification {unknown}
 l - a potion of cancellation {unknown}
 m - a potion of mutation {unknown}
 o - a potion of heal wounds {unknown}
 r - a potion of degeneration {unknown}
Comestibles
 c - 5 rations
 p - 4 chunks of flesh


   Skills:
 + Level 3.6 Dodging
 + Level 3.0 Stealth
 + Level 2.6 Spellcasting
 * Level 4.7 Summonings


You had 2 spell levels left.
You knew the following spells:

 Your Spells              Type           Power        Failure   Level  Hunger
a - Call Imp              Summ           ###.....     4%          2    ###....
b - Call Canine Familiar  Summ           ###.....     9%          3    ###....
z - Summon Small Mammal   Summ           ###.         3%          1    #......

Your spell library contained the following spells:

 Spells                   Type           Power        Failure   Level  Hunger
 Summon Guardian Golem    Hex/Summ       #.......     24%         3    ###....
 Summon Ice Beast         Ice/Summ       #.......     61%         4    #####..
 Summon Lightning Spire   Summ/Air       #.......     61%         4    #####..


Dungeon Overview and Level Annotations

Branches:
Dungeon (2/15)

Altars:


Message History

The gnoll barely misses your shadow imp.
Your shadow imp gestures at the gnoll.
The gnoll writhes in agony.
The gnoll hits your white imp with a +0 halberd.
Your white imp dies!
The gnoll hits your shadow imp but does no damage.
Your shadow imp gestures at the gnoll.
The gnoll writhes in agony!
The gnoll dies!
Your shadow imp hits the gnoll.
Your shadow imp gestures at the gnoll.
The gnoll barely resists.
Your magical contamination has completely faded away.
Your shadow imp disappears in a puff of smoke!
You see here a hunting sling.
The gnoll hits you from afar with a +0 halberd.
There is a stone staircase leading up, spattered with blood here.
The gnoll hits you from afar with a +0 halberd!
Ouch! That really hurt!
You die...

#..# ######## #.##
#......# #.#
###......# #.#
#........# #.#
##.......# ##.##
##......###...#
#.......##...#
#..@÷...#....#######
#..).g..............
#.............##....
##.###..#...........
##.# #.##....##.....
#..###.##....###....
#.###.......######..
#.# #.##......###...
#.# #. ###.##...÷.#.


You could see a gnoll.

Vanquished Creatures
  An adder (D:2)
  A gnoll (D:2)
  A dart slug (D:1)
  4 bats
  A giant cockroach (D:2)
  3 goblins
  3 hobgoblins
  3 jackals
  3 frilled lizards
  2 kobolds
  4 rats
26 creatures vanquished.

Vanquished Creatures (collateral kills)
  A gnoll (D:2)
  4 adders (D:2)
  A worm (D:2)
  2 dart slugs (D:1)
  A leopard gecko (D:2)
  A goblin (D:1)
  4 hobgoblins
  4 jackals (D:2)
  A kobold (D:2)
  A ball python (D:1)
  A bat (D:2)
  A rat (D:2)
22 creatures vanquished.

Grand Total: 48 creatures vanquished

Notes
Turn   | Place    | Note
-------+----------+-------------------------------------------
     0 | D:1      | Gumption the Merfolk Summoner began the quest for the Orb.
     0 | D:1      | Reached XP level 1. HP: 13/13 MP: 3/3
   341 | D:1      | Reached XP level 2. HP: 19/19 MP: 1/5
   348 | D:1      | Learned a level 2 spell: Call Imp
  1297 | D:2      | Reached XP level 3. HP: 19/24 MP: 1/6
  1876 | D:2      | Learned a level 3 spell: Call Canine Familiar
  2159 | D:2      | Reached XP level 4. HP: 30/30 MP: 2/7
  2350 | D:2      | Slain by a gnoll

Levels and vault maps discovered:
D:1:      dpeg_arrival_snail, layout_basic
D:2:      layout_rooms, first_ration, chequers_serial_rivers_small_b,
          minmay_misc_feat_ornament, doesnt_xom_only_xom

Skill      XL: |  1  2  3  4 |
---------------+-------------+-----
Dodging        | 3 |  3.6
Stealth        | 3 |  3.0
Spellcasting   | |  2.6
Summonings     | |  4.7

Action                   |  1- 3 |  4- 6 || total
-------------------------+-------+-------++-------
Melee: Mace              |    35 |     9 ||    44
 Fire: Hunting sling     |    26 |       ||    26
 Cast: Summon Small Mamm |     8 |       ||     8
       Call Imp          |    21 |     5 ||    26
  Eat: Chunk             |     2 |     1 ||     3
       Ration            |     1 |       ||     1
Armor: Robe              |    30 |     1 ||    31
Dodge: Dodged            |    91 |     8 ||    99

Table legend:
 A = Non-vault XP
 B = Vault XP
 C = Vault XP percentage of total XP
 D = Non-vault monster count
 E = Vault monster count
 F = Vault count percentage of total count
                 A         B        C        D         E       F
            +---------+---------+-------+---------+---------+-------
      Total |     120 |       0 |   0.0 |      48 |       0 |   0.0
            +---------+---------+-------+---------+---------+-------
        D:1 |      32 |       0 |   0.0 |      20 |       0 |   0.0
        D:2 |      88 |       0 |   0.0 |      28 |       0 |   0.0
            +---------+---------+-------+---------+---------+-------
